 Dungeon Crawl Stone Soup version 0.24-a0-416-g56ce5178b7 (webtiles) character file.

Game seed: 5186532707509553817

83929 gruber the Slicer (level 15, -6/80 HPs)
             Began as a Vine Stalker Fighter on June 9, 2019.
             Was the Champion of Okawaru.
             Mangled by a shadow (12 damage)
             ... on level 15 of the Dungeon.
             The game lasted 00:47:34 (20599 turns).

gruber the Slicer (Vine Stalker Fighter)           Turns: 20599, Time: 00:47:35

Health: -6/80      AC: 18    Str: 22    XL:     15   Next: 78%
Magic:  0/26       EV: 26    Int:  8    God:    Okawaru [******]
Gold:   1068       SH: 23    Dex: 26    Spells: 14/14 levels left

rFire    . . .     SeeInvis .   L - +10 hand crossbow "Ykhlerov" {velocity, MP+9 Dex+2}
rCold    + . .     Gourm    .   V - +2 shield {rC+}
rNeg     + . .     Faith    .   y - +0 troll leather armour
rPois    .         Spirit   +   R - +3 helmet "Taqaxt Osmog" {rN+ Dex+4}
rElec    .         Reflect  +   W - scarf {repulsion}
rCorr    .         Harm     .   C - +1 pair of gloves {Str+3}
MR       ++...                  A - +0 pair of boots {Fly}
Stlth    +++.......             K - +5 amulet of reflection
HPRegen  1.43/turn              G - ring of protection from magic
MPRegen  0.20/turn              b - +2 ring of protection

@: heroism, flying, studying Spellcasting, repel missiles
A: fangs 3, regeneration 2, magic shield, antimagic bite, no potion heal 3, rot
immunity
a: Heroism, Finesse, Renounce Religion, Stop Flying


You were on level 15 of the Dungeon.
You worshipped Okawaru.
Okawaru was exalted by your worship.
You were not hungry.

You visited 3 branches of the dungeon, and saw 22 of its levels.
You also visited: Ossuary, Gauntlet and Volcano.

You collected 1625 gold pieces.
You spent 557 gold pieces at shops.

Inventory:

Hand Weapons
 c - the +1 rapier of Deiphawn {venom, +Blink Str+4}
   (Okawaru gifted it to you on level 11 of the Dungeon)

   It poisons the flesh of those it strikes.
   It affects your strength (+4).
   It lets you blink.
 L - the +10 hand crossbow "Ykhlerov" (weapon) {velocity, MP+9 Dex+2}
   (You found it on level 12 of the Dungeon)

   Any bolt fired from it inflicts extra damage.
   It affects your dexterity (+2).
   It affects your magic capacity (+9).
Missiles
 a - 12 curare-tipped darts
 U - 128 bolts (quivered)
Armour
 y - a +0 troll leather armour (worn)
 A - a +0 pair of boots of flying (worn)
 C - a +1 pair of gloves of strength (worn)
 R - the +3 helmet "Taqaxt Osmog" (worn) {rN+ Dex+4}
   (You found it in a Gauntlet)

   It affects your dexterity (+4).
   It protects you from negative energy.
 V - a +2 shield of cold resistance (worn)
 W - a scarf of repulsion (worn)
Jewellery
 b - a +2 ring of protection (right hand)
 G - a ring of protection from magic (left hand)
 K - a +5 amulet of reflection (around neck)
 N - an uncursed ring of fire
 P - an uncursed ring of protection from cold
Wands
 o - a wand of digging (8)
 w - a wand of clouds (12)
 I - a wand of random effects (20)
 O - a wand of iceblast (11)
 S - a wand of acid (8)
 T - a wand of scattershot (5)
Scrolls
 g - 3 scrolls of amnesia {unknown}
 h - 5 scrolls of identify
 i - 14 scrolls of remove curse
 j - 3 scrolls of random uselessness {unknown}
 k - 5 scrolls of fear {unknown}
 m - 13 scrolls of teleportation {unknown}
 q - 5 scrolls of blinking
 s - 3 scrolls of magic mapping
 t - 3 scrolls of immolation {unknown}
 u - 5 scrolls of enchant weapon {unknown}
 B - a scroll of enchant armour {unknown}
 H - 3 scrolls of fog {unknown}
 J - 2 scrolls of torment {unknown}
 M - 4 scrolls of summoning
 X - 2 scrolls of silence {unknown}
Potions
 d - 8 potions of might
 e - 3 potions of resistance
 l - 3 potions of invisibility
 n - 6 potions of curing
 r - 4 potions of flight
 v - 2 potions of brilliance
 z - 3 potions of berserk rage
 D - 3 potions of agility
 E - a potion of magic
 F - a potion of cancellation
 Q - a potion of mutation
 Y - 2 potions of haste
Books
 x - a manual of Spellcasting
Miscellaneous
 p - a lamp of fire
 Z - a fan of gales
Comestibles
 f - 45 rations


   Skills:
 - Level 10.0(15.0) Fighting
 - Level 12.0(17.0) Short Blades
 - Level 10.0(15.0) Crossbows
 - Level 11.0(16.0) Armour
 + Level 8.3(13.3) Dodging
 + Level 10.9(15.9) Shields
 - Level 2.1 Invocations


You had 14 spell levels left.
You didn't know any spells.
Your spell library contained the following spells:

 Spells                   Type           Power        Failure   Level  Hunger
 Animate Skeleton         Necr           N/A          43%         1    ##.....
 Corona                   Hex            #......      43%         1    ##.....
 Freeze                   Ice            #...         43%         1    ##.....
 Pain                     Necr           #...         43%         1    ##.....
 Sting                    Conj/Pois      #...         43%         1    ##.....
 Summon Small Mammal      Summ           #...         43%         1    ##.....
 Poisonous Vapours        Pois/Air       #.....       58%         2    ###....
 Throw Frost              Conj/Ice       #.....       58%         2    ###....
 Inner Flame              Hex/Fire       #.......     82%         3    ####...
 Mephitic Cloud           Conj/Pois/Air  #.......     82%         3    ####...
 Ozocubu's Armour         Chrm/Ice       #.......     82%         3    ####...
 Regeneration             Chrm/Necr      #.........   82%         3    ####...
 Tukima's Dance           Hex            #.......     82%         3    ####...
 Vampiric Draining        Necr           #.........   82%         3    ####...
 Animate Dead             Necr           N/A          99%         4    #####..
 Olgreb's Toxic Radiance  Pois           #.......     99%         4    #####..
 Summon Ice Beast         Ice/Summ       #.......     99%         4    #####..
 Throw Icicle             Conj/Ice       #.......     99%         4    #####..
 Summon Mana Viper        Hex/Summ       #.......     100%        5    ######.
 Venom Bolt               Conj/Pois      #.........   100%        5    ######.
 Summon Hydra             Summ           #.........   100%        7    #######


Dungeon Overview and Level Annotations

Branches:
Dungeon (15/15)            Temple (1/1) D:5            Lair (6/6) D:8
  Swamp (0/4) Lair:4       Spider (0/4) Lair:2        Slime (0/5) Lair:5
    Orc (0/2) D:10         Vaults (0/5) D:14         Depths (0/5) D:15

Altars:
Ashenzari
Cheibriados
Dithmenos
Elyvilon
Fedhas
Gozag
Hepliaklqana
Kikubaaqudgha
Makhleb
Nemelex Xobeh
Okawaru
Qazlal
Ru
Sif Muna
Trog
Uskayaw
Vehumet
Wu Jian
Xom
Yredelemnul
Zin
The Shining One
Jiyva

Shops:
D:11 [   D:13 !

Annotations:
D:5 2 runed translucent doors, HydraWiggins's ghost, amateur GnAE
D:7 2 transporters, Sassenached's ghost, amateur DsWn
Lair:2 1 runed translucent door, PeterLawrence's ghost, journeyman MiFi
Lair:6 exclusion: oklob plant


Innate Abilities, Weirdness & Mutations

You have razor-sharp teeth.
You heal very quickly.
When hurt, damage is shared between your health and your magic reserves.
Your bite disrupts and absorbs the magic of your enemies.
Potions cannot restore your health.
You are immune to rotting.


Message History

Press: ? - help, Shift-Dir - straight line, f - fire giant
Aim: a fire giant, wielding a +2 great sword of flaming (black smoke, almost dead)
You shoot a bolt.
The bolt completely misses the fire giant.
You hear a sizzling splash.
The fire giant points at you and mumbles some strange words.
The fireball explodes!
The fireball engulfs you!!!
* * * LOW HITPOINT WARNING * * *
Unknown command.
Unknown command.
Firing (i - inventory. (/) - cycle)
U - 129 bolts (quivered)
Press: ? - help, Shift-Dir - straight line, f/p - fire giant
Aim: a fire giant, wielding a +2 great sword of flaming (black smoke, almost dead)
You shoot a bolt. The bolt hits the fire giant!!
You kill the fire giant!
Okawaru is honoured by your kill.
Unknown command.
Okay, then.
The shadow strikes at you from the darkness!
You die...

....#≈. >.(≈§≈...#
...≈§§§ ..§)≈....#
....§≈≈...§≈≈....#
...§.#≈§≈§§#.≈...#
......≈§#§§......#
.....§§§.§§§.....#
.................#
.................#
................@#
.................#
.................#
............####.#
............# #.#
............# #.#
............####.#
.........<.......#
.................#


There were no monsters in sight!

Vanquished Creatures
  Rupert (Lair:3)
  A fire giant (D:15)
  A minotaur (Gauntlet)
  A fire dragon (Volcano)
  Harold (D:8)
  A ghost crab (Gauntlet)
  4 hydras
  3 catoblepae (Lair:6)
  3 centaur warriors
  6 two-headed ogres
  A death knight (D:12)
  A hell hog (Volcano)
  6 death yaks (Lair:6)
  A tengu warrior (D:11)
  A deep elf knight (D:14)
  5 skeletal warriors (D:13)
  A shadow wraith (D:12)
  A wizard (D:14)
  An unseen horror (D:14)
  Pikel (D:6)
  An orange crystal statue (D:13)
  12 ugly things
  2 deep elf magi
  2 manticores (Lair:6)
  A worldbinder (Gauntlet)
  A salamander (shapeshifter) (D:9)
  12 elephants
  2 cyclopes
  3 black mambas
  A torpor snail (Gauntlet)
  A gargoyle (D:13)
  A spiny frog (shapeshifter) (D:14)
  2 molten gargoyles (Volcano)
  13 spiny frogs
  2 rime drakes
  A kobold demonologist (D:14)
  8 komodo dragons
  2 trolls
  A meliai (shapeshifter) (D:13)
  18 blink frogs
  15 slime creatures
  Prince Ribbit (D:5)
  A wind drake (shapeshifter) (D:14)
  9 hippogriffs
  A redback (Lair:2)
  2 shadows
  4 wyverns
  A vampire (D:13)
  Sigmund (D:6)
  A basilisk (Lair:3)
  Grum (D:9)
  A tarantella (shapeshifter) (D:14)
  42 yaks
  8 vampire mosquitoes
  6 fire bats (Volcano)
  2 steam dragons (Volcano)
  Edmund (D:6)
  4 hungry ghosts
  A soldier ant (D:11)
  9 porcupines
  15 water moccasins
  A hell hound (Volcano)
  A slave (D:6)
  2 sky beasts
  2 orc warriors
  2 black bears (D:12)
  A hornet zombie (D:14)
  A necrophage (D:12)
  2 phantoms
  25 centaurs
  7 ogres
  12 wolves
  3 boggarts (Gauntlet)
  14 crocodiles
  16 bullfrogs
  3 big kobolds
  A gnoll sergeant (D:11)
  15 scorpions
  9 killer bees
  13 wights
  2 howler monkeys
  3 electric eels (D:14)
  11 crimson imps
  5 centaur zombies
  8 lava snakes (Volcano)
  5 bullfrog skeletons
  A human zombie (Ossuary)
  A wyvern simulacrum (D:14)
  10 hounds
  A quasit (D:4)
  An orc priest (D:4)
  A gnoll shaman (D:5)
  5 jellies
  5 orc wizards
  4 centaur skeletons
  2 iguanas
  10 worker ants
  10 hell rats (Lair:6)
  A killer bee zombie (D:9)
  5 big kobold zombies (Ossuary)
  A bullfrog simulacrum (D:12)
  A hound zombie (D:10)
  2 hound skeletons (D:11)
  3 mummies (Ossuary)
  A howler monkey zombie (D:5)
  A worker ant zombie (D:8)
  11 gnolls
  4 scorpion zombies (Ossuary)
  19 adders
  3 shadow imps
  2 worms
  A dart slug (D:3)
  7 leopard geckos
  28 orcs
  9 giant cockroaches
  A gnoll zombie (Ossuary)
  6 goblins
  7 hobgoblins
  20 jackals
  19 kobolds
  6 quokkas
  2 ball pythons (D:3)
  8 bats
  7 frilled lizards
  A goblin zombie (Ossuary)
  3 hobgoblin zombies (Ossuary)
  A leopard gecko zombie (D:7)
  An orc zombie (Ossuary)
  A quokka skeleton (D:9)
  7 rats
657 creatures vanquished.

Vanquished Creatures (others)
  Grinder (D:6)
  4 centaurs
  An orc zombie (Ossuary)
  10 fungi
  11 plants
27 creatures vanquished.

Grand Total: 684 creatures vanquished

Notes
Turn   | Place    | Note
-------+----------+-------------------------------------------
     0 | D:1      | gruber the Vine Stalker Fighter began the quest for the
                  | Orb.
     0 | D:1      | Reached XP level 1. HP: 11/11 MP: 2/2
   118 | D:1      | Reached skill level 2 in Short Blades
   414 | D:1      | Reached XP level 2. HP: 16/16 MP: 3/3
   680 | D:1      | Reached skill level 3 in Short Blades
   909 | D:2      | Reached XP level 3. HP: 19/19 MP: 4/4
  1674 | D:3      | Gained mutation: Your natural rate of healing is unusually
                  | fast. [Vine Stalker growth]
  1674 | D:3      | Reached XP level 4. HP: 23/23 MP: 5/5
  1733 | D:3      | Reached skill level 4 in Short Blades
  1808 | D:3      | Found a shattered altar of Ashenzari.
  1890 | D:3      | Reached XP level 5. HP: 25/27 MP: 6/6
  2379 | D:3      | Reached skill level 5 in Short Blades
  2579 | D:4      | Noticed an ogre
  2584 | D:4      | HP: 1/27 [ogre/+0 giant club (19)]
  2587 | D:4      | Killed an ogre
  2587 | D:4      | Reached XP level 6. HP: 2/32 MP: 1/7
  2746 | D:4      | Reached skill level 6 in Short Blades
  3310 | D:4      | Noticed a troll
  3431 | D:4      | Reached XP level 7. HP: 32/35 MP: 8/8
  3622 | D:4      | Killed a troll
  3622 | D:4      | Reached skill level 7 in Short Blades
  3697 | D:5      | Entered Level 5 of the Dungeon
  3744 | D:5      | Noticed Prince Ribbit
  3773 | D:5      | Killed Prince Ribbit
  3773 | D:5      | Reached skill level 1 in Dodging
  3773 | D:5      | Gained mutation: You have razor-sharp teeth. [Vine Stalker
                  | growth]
  3773 | D:5      | Reached XP level 8. HP: 20/40 MP: 5/9
  3784 | D:5      | Found a runed translucent door.
  3789 | D:5      | Noticed HydraWiggins's ghost (amateur GnAE)
  3839 | D:5      | Found a staircase to the Ecumenical Temple.
  3895 | D:5      | Found a sand-covered staircase.
  3899 | Ossuary  | Entered an ossuary
  4097 | Ossuary  | Reached XP level 9. HP: 36/46 MP: 7/10
  4150 | Ossuary  | Reached skill level 5 in Fighting
  4574 | Temple   | Entered the Ecumenical Temple
  4749 | Temple   | Became a worshipper of Warmaster Okawaru
  4821 | D:5      | Found a runed translucent door.
  4990 | D:6      | Noticed Sigmund
  5017 | D:6      | Killed Sigmund
  5596 | D:6      | Noticed Pikel
  5646 | D:6      | Killed Pikel
  5646 | D:6      | Reached * piety under Okawaru
  5646 | D:6      | Reached skill level 5 in Shields
  5682 | D:6      | Found an ornate altar of the Wu Jian Council.
  6006 | D:5      | Noticed Edmund
  6007 | D:5      | Noticed Grinder
  6024 | D:5      | Paralysed by Grinder for 7 turns
  6066 | D:6      | Killed Edmund
  6066 | D:6      | Reached XP level 10. HP: 55/55 MP: 11/11
  6066 | D:6      | Killed Grinder
  6249 | D:7      | Reached ** piety under Okawaru
  6283 | D:7      | Reached skill level 5 in Dodging
  6437 | D:7      | Found a transporter.
  6437 | D:7      | Found a transporter.
  6438 | D:7      | Noticed Sassenached's ghost (amateur DsWn)
  6706 | D:7      | Got a warped leather armour
  6708 | D:7      | Identified the cursed +0 leather armour of Death's Door
                  | {rF+} (You found it on level 7 of the Dungeon)
  6796 | D:8      | Noticed a two-headed ogre
  6809 | D:8      | Killed a two-headed ogre
  6809 | D:8      | Reached skill level 1 in Invocations
  6875 | D:8      | Noticed Harold
  6897 | D:8      | Found a shimmering altar of Xom.
  6917 | D:8      | Killed Harold
  6917 | D:8      | Reached *** piety under Okawaru
  7308 | D:8      | Reached **** piety under Okawaru
  7308 | D:8      | Received a gift from Okawaru
  7336 | D:8      | Got a pitted leather armour
  7337 | D:8      | Identified the cursed +0 leather armour "Luwoh" {*Contam
                  | Regen+ rCorr} (You found it on level 8 of the Dungeon)
  7562 | D:8      | Found a staircase to the Lair.
  7764 | D:9      | Reached XP level 11. HP: 54/58 MP: 11/13
  7772 | D:9      | Noticed Grum
  7785 | D:9      | Noticed a cyclops
  7936 | D:9      | Killed a cyclops
  8035 | D:9      | Killed Grum
  8124 | D:9      | Noticed a salamander
  8142 | D:9      | Killed a salamander
  8244 | D:9      | Found a basalt altar of Yredelemnul.
  8246 | D:9      | Found a hazy altar of Hepliaklqana.
  8248 | D:9      | Found a sacrificial altar of Ru.
  8393 | D:10     | Entered Level 10 of the Dungeon
  8482 | D:10     | Noticed a centaur warrior
  8493 | D:10     | Killed a centaur warrior
  8493 | D:10     | Reached ***** piety under Okawaru
  8493 | D:10     | Reached skill level 8 in Short Blades
  8569 | D:10     | Found a staircase to the Orcish Mines.
  8870 | D:10     | Received a gift from Okawaru
  8949 | D:10     | Reached skill level 9 in Short Blades
  9407 | D:11     | Noticed a two-headed ogre
  9442 | D:11     | Killed a two-headed ogre
  9442 | D:11     | Reached skill level 10 in Short Blades
  9528 | D:11     | Found Mudwaesk's Antique Armour Boutique.
  9553 | D:11     | Bought a glowing shield for 187 gold pieces
  9553 | D:11     | Bought a glowing scarf for 200 gold pieces
  9578 | D:11     | Noticed a two-headed ogre
  9590 | D:11     | Received a gift from Okawaru
  9625 | D:11     | Killed a two-headed ogre
  9625 | D:11     | Gained mutation: You heal very quickly. [Vine Stalker
                  | growth]
  9625 | D:11     | Reached XP level 12. HP: 57/63 MP: 8/14
  9821 | D:11     | Noticed a tengu warrior
  9834 | D:11     | Killed a tengu warrior
  9834 | D:11     | Received a gift from Okawaru
  9837 | D:11     | Got a brightly glowing rapier {god gift}
  9838 | D:11     | Identified the +1 rapier of Deiphawn {venom, +Blink Str+4}
                  | (Okawaru gifted it to you on level 11 of the Dungeon)
  9886 | D:11     | Reached skill level 11 in Short Blades
 10426 | D:12     | Reached skill level 12 in Short Blades
 10491 | D:12     | Got a jewelled hand crossbow
 10492 | D:12     | Identified the +10 hand crossbow "Ykhlerov" {velocity, MP+9
                  | Dex+2} (You found it on level 12 of the Dungeon)
 11439 | D:12     | Received a gift from Okawaru
 11439 | D:12     | Reached skill level 1 in Crossbows
 11490 | D:12     | Noticed a two-headed ogre
 11502 | D:12     | Killed a two-headed ogre
 11527 | D:12     | Noticed a death knight
 11740 | D:12     | Killed a death knight
 11760 | D:12     | Identified the Almanac of the Firefly
 11860 | D:13     | Noticed a centaur warrior
 11869 | D:13     | Killed a centaur warrior
 11869 | D:13     | Reached skill level 5 in Crossbows
 11921 | D:13     | Noticed a centaur warrior
 11927 | D:13     | Killed a centaur warrior
 11938 | D:13     | Reached XP level 13. HP: 67/67 MP: 15/15
 12064 | D:13     | Received a gift from Okawaru
 12067 | D:13     | Got a scorched long sword {god gift}
 12068 | D:13     | Identified the +4 long sword of Dullness {slice, rPois
                  | Str+3 Dex+4} (Okawaru gifted it to you on level 13 of the
                  | Dungeon)
 12333 | D:13     | Found Xiwiteru's Distillery.
 12343 | D:13     | Bought a potion of haste for 170 gold pieces
 12361 | D:13     | Reached ****** piety under Okawaru
 12845 | Lair:1   | Entered Level 1 of the Lair of Beasts
 13263 | Lair:1   | Reached skill level 10 in Crossbows
 13629 | Lair:2   | Found a runed translucent door.
 13629 | Lair:2   | Noticed PeterLawrence's ghost (journeyman MiFi)
 13689 | Lair:2   | Found a hole to the Spider Nest.
 13692 | Lair:2   | Received a gift from Okawaru
 14220 | Lair:2   | Found a dark tunnel.
 14225 | Volcano  | Entered a volcano
 14552 | Volcano  | Found a radiant altar of Vehumet.
 14601 | Volcano  | Noticed a fire dragon
 14624 | Volcano  | Killed a fire dragon
 15015 | Lair:3   | Noticed Rupert
 15016 | Lair:3   | Paralysed by Rupert for 3 turns
 15041 | Lair:3   | Killed Rupert
 15041 | Lair:3   | Reached skill level 10 in Fighting
 15041 | Lair:3   | Reached XP level 14. HP: 66/77 MP: 16/16
 15214 | Lair:3   | Received a gift from Okawaru
 15310 | Lair:3   | Reached skill level 5 in Armour
 16312 | Lair:4   | Found a staircase to the Swamp.
 16914 | Lair:5   | Found a staircase to the Slime Pits.
 16915 | Lair:5   | Found a viscous altar of Jiyva.
 17009 | Lair:5   | Received a gift from Okawaru
 17540 | Lair:6   | Entered Level 6 of the Lair of Beasts
 17561 | Lair:6   | Found a gate leading to a gauntlet.
 17633 | Gauntlet | Entered a Gauntlet
 17633 | Gauntlet | Found a transporter.
 17640 | Gauntlet | Found a transporter.
 17642 | Gauntlet | Found a transporter.
 17657 | Gauntlet | Found a transporter.
 17659 | Gauntlet | Found a transporter.
 17669 | Gauntlet | Found a transporter.
 17684 | Gauntlet | Found a runed translucent gate.
 17685 | Gauntlet | Found a transporter.
 17685 | Gauntlet | Found a runed translucent gate.
 17686 | Gauntlet | Found a runed translucent gate.
 17695 | Gauntlet | Found a transporter.
 17695 | Gauntlet | Identified the ring "Dottiere" {*Corrode rElec rPois SInv}
 17705 | Gauntlet | Found a transporter.
 17716 | Gauntlet | Found a transporter.
 17716 | Gauntlet | Found a transporter.
 17718 | Gauntlet | Found a transporter.
 17756 | Gauntlet | Found a transporter.
 17847 | Gauntlet | Found a transporter.
 18063 | Gauntlet | Got a jewelled helmet
 18064 | Gauntlet | Identified the +3 helmet "Taqaxt Osmog" {rN+ Dex+4} (You
                  | found it in a Gauntlet)
 18347 | Lair:6   | Reached skill level 10 in Armour
 18447 | Lair:6   | Reached XP level 15. HP: 80/80 MP: 17/17
 18842 | Lair:6   | Received a gift from Okawaru
 19881 | D:14     | Reached skill level 10 in Shields
 20092 | D:14     | Found a gate to the Vaults.
 20508 | D:15     | Entered Level 15 of the Dungeon
 20573 | D:15     | Found a sparkling altar of Nemelex Xobeh.
 20585 | D:15     | Found a staircase to the Depths.
 20585 | D:15     | Noticed a fire giant
 20596 | D:15     | HP: 2/80 [fire giant/fireball (33)]
 20597 | D:15     | Killed a fire giant
 20599 | D:15     | Mangled by a shadow

Levels and vault maps discovered:
D:1:      saegor_arrival_simple_a, layout_loops_ring
D:2:      layout_loops_corners
D:3:      layout_loops_corners, lemuel_doored_altar, first_ration
D:4:      layout_loops_cross, minmay_manual_mullet
D:5:      layout_cave_pools, minmay_temple_entry_statues, enter_ossuary_5,
          ebering_ghost_sewer_f, nrook_campfire, grunt_ministairs_14,
          uniq_edmund, uniq_prince_ribbit1, uniq_grinder
D:6:      layout_basic, lemuel_coloured_pillars_altar, uniq_pikel, uniq_sigmund
D:7:      layout_cave_pools, gammafunk_ghost_hive
D:8:      layout_cave_pods, xom_teletrap_fun, grunt_lair_entry_orc_guard_hut,
          uniq_harold
D:9:      layout_rooms, gammafunk_temple_overflow_forgotten, uniq_grum
D:10:     layout_irregular_city
D:11:     layout_long_grid, serial_shops, shop, grunt_tengu_nest
D:12:     minmay_clustersquares, layout_basic
D:13:     layout_basic, serial_shops, shop, minivault_16
D:14:     layout_cave_pools, david_vaults_2, serial_park, serial_park_avenue1,
          serial_bayou_lake_a
D:15:     grunt_enter_depths_giant_problem, layout_small_grid, basic_altar,
          hangedman_decor_opposing, uniq_agnes
Temple:   eino_temple_rhombus
Lair:1:   layout_chaotic_city, grunt_megastairs_2
Lair:2:   layout_regular_city, spider_nest_entry_webs, gammafunk_ghost_grave,
          enter_volcano_4, grunt_forest_stairs_basic
Lair:3:   layout_roguey, uniq_rupert
Lair:4:   layout_roguey, swamp_mist, cheibrodos_lair_reptile_den,
          lemuel_fruit_tree
Lair:5:   layout_long_grid, slime_altar_1, chequers_serial_rivers_micro_d,
          infiniplex_staircase_pool, grunt_megastairs_5
Lair:6:   evilmike_catoblepas_cave, layout_regular_city, gauntlet_entry_generic,
          serial_bayou_shore_b, grunt_megastairs_4

Skill      XL: |  1  2  3  4  5  6  7  8  9 10 11 12 13 14 15 |
---------------+----------------------------------------------+-----
Short Blades   | 2 3 4 5 6 7 10 12 | 12.0
Fighting       | 3 4 7 10 | 10.0
Dodging        | 1 3 4 7 8 |  8.3
Shields        | 3 4 5 7 9 10 | 10.9
Armour         | 3 4 10 11 | 11.0
Invocations    | 2 |  2.1
Crossbows      | 6 10 | 10.0

Action                   |  1- 3 |  4- 6 |  7- 9 | 10-12 | 13-15 || total
-------------------------+-------+-------+-------+-------+-------++-------
Melee: Rapier            |   115 |   217 |   400 |   407 |  1058 ||  2197
       Bite              |    20 |    58 |   181 |   413 |   583 ||  1255
       Short sword       |       |       |       |   467 |       ||   467
 Fire: Hand crossbow     |       |       |       |       |   404 ||   404
Throw: Dart              |       |       |       |     6 |       ||     6
Invok: Heroism           |       |       |     1 |     5 |    14 ||    20
Evoke: Wand              |       |       |       |     1 |     2 ||     3
  Use: Potion            |       |       |     1 |       |       ||     1
       Scroll            |       |       |       |     4 |    20 ||    24
 Stab: Sleeping          |       |       |     2 |     1 |     1 ||     4
       Confused          |       |       |       |     2 |       ||     2
  Eat: Chunk             |     2 |     6 |     4 |    14 |    29 ||    55
       Ration            |       |       |     1 |     2 |       ||     3
Armor: Scale mail        |    45 |    95 |     4 |       |       ||   144
       Troll leather arm |       |       |    66 |    65 |   118 ||   249
Dodge: Dodged            |    29 |    73 |   139 |   265 |   346 ||   852
       Deflected         |       |       |       |     6 |     9 ||    15
Block: Shield            |    43 |    96 |   169 |   651 |   848 ||  1807
       Reflection        |       |       |       |    61 |    10 ||    71

Table legend:
 A = Non-vault XP
 B = Vault XP
 C = Vault XP percentage of total XP
 D = Non-vault monster count
 E = Vault monster count
 F = Vault count percentage of total count
                 A         B        C        D         E       F
            +---------+---------+-------+---------+---------+-------
      Total |   81412 |   38487 |  32.1 |     520 |     140 |  21.2
            +---------+---------+-------+---------+---------+-------
        D:1 |      31 |       0 |   0.0 |      20 |       0 |   0.0
        D:2 |      44 |       0 |   0.0 |      24 |       0 |   0.0
        D:3 |     154 |       2 |   1.3 |      34 |       1 |   2.9
        D:4 |     431 |     312 |  42.0 |      23 |       3 |  11.5
        D:5 |     543 |     334 |  38.1 |      16 |       3 |  15.8
        D:6 |     796 |    1071 |  57.4 |      18 |       3 |  14.3
        D:7 |     480 |       0 |   0.0 |      15 |       0 |   0.0
        D:8 |    3145 |    1726 |  35.4 |      31 |       7 |  18.4
        D:9 |    1920 |     322 |  14.4 |      25 |       2 |   7.4
       D:10 |    2786 |       0 |   0.0 |      22 |       0 |   0.0
       D:11 |    4802 |     830 |  14.7 |      41 |       1 |   2.4
       D:12 |    4592 |    3518 |  43.4 |      28 |      15 |  34.9
       D:13 |   12260 |     662 |   5.1 |      47 |       1 |   2.1
       D:14 |   13856 |     878 |   6.0 |      37 |       3 |   7.5
       D:15 |     734 |    1823 |  71.3 |       2 |       1 |  33.3
     Lair:1 |    2445 |     660 |  21.3 |      14 |       3 |  17.6
     Lair:2 |    2905 |     234 |   7.5 |      16 |       1 |   5.9
     Lair:3 |    6233 |    2954 |  32.2 |      23 |       1 |   4.2
     Lair:4 |   10344 |     631 |   5.7 |      35 |       7 |  16.7
     Lair:5 |    4431 |     143 |   3.1 |      15 |       1 |   6.2
     Lair:6 |    8480 |   12643 |  59.9 |      34 |      26 |  43.3
    Ossuary |       0 |    1009 | 100.0 |       0 |      30 | 100.0
    Volcano |       0 |    4889 | 100.0 |       0 |      21 | 100.0
   Gauntlet |       0 |    3846 | 100.0 |       0 |      10 | 100.0
            +---------+---------+-------+---------+---------+-------
